 Dungeon Crawl Stone Soup version 0.29.1-2-gbd0b4ee654 (webtiles) character file.

Game seed: 11355882261652607356

765 Demigod47 the Cudgeller (level 7, -15/60 HPs)
             Began as a Minotaur Fighter on Oct 23, 2022.
             Demolished by a shadow wraith (16 damage)
             ... created by the anger of Yredelemnul
             ... on level 5 of the Dungeon.
             The game lasted 00:08:14 (5254 turns).

Demigod47 the Cudgeller (Minotaur Fighter)          Turns: 5254, Time: 00:08:15

Health: -15/60     AC:  7    Str: 23    XL:     7   Next: 51%
Magic:  6/6        EV: 10    Int:  5    God:
Gold:   1325       SH:  4    Dex:  9    Spells: 6/6 levels left

rFire   . . .      SeeInvis .   a - +0 flail
rCold   . . .      Faith    .   c - +0 buckler
rNeg    . . .      Spirit   .   b - +0 scale mail
rPois   .          Reflect  .   (helmet restricted)
rElec   .          Harm     .   (no cloak)
rCorr   .          Rampage  .   (no gloves)
Will    .....                   (no boots)
Stlth   ..........              (no amulet)
HPRegen 0.20/turn               (no ring)
MPRegen 0.10/turn               (no ring)

@: slowed, very slow
A: horns 2, retaliatory headbutt
a: no special abilities


You were on level 5 of the Dungeon.
You visited 1 branch of the dungeon, and saw 5 of its levels.

You collected 1325 gold pieces.

Inventory:

Hand Weapons
 a - a +0 flail (weapon)
Missiles
 j - 2 throwing nets (quivered)
 p - 6 silver boomerangs
Armour
 b - a +0 scale mail (worn)
 c - a +0 buckler (worn)
Jewellery
 h - an amulet of faith
 i - an amulet of regeneration
Wands
 k - a wand of flame (13)
 t - a wand of roots (6)
Scrolls
 d - a scroll of vulnerability {unknown}
 e - 2 scrolls of poison
 f - 4 scrolls of identify
 g - 3 scrolls of blinking
 l - a scroll of teleportation {unknown}
 m - 5 scrolls of noise
 n - a scroll of summoning
 q - 3 scrolls of torment
 s - 3 scrolls of silence {unknown}
Potions
 r - a potion of curing


   Skills:
 + Level 4.7 Fighting
 * Level 7.8 Maces & Flails
 + Level 5.8 Armour
 + Level 1.6 Dodging
 + Level 0.4 Stealth
 + Level 4.7 Shields


You had 6 spell levels left.
You didn't know any spells.
Your spell library contained the following spells:

 Spells                   Type           Power      Damage    Failure   Level
 Ensorcelled Hibernation  Hex/Ice        0%         N/A       94%         2
 Passwall                 Tmut/Erth      0%         N/A       94%         2
 Dazzling Flash           Conj/Hex       0%         N/A       99%         3
 Summon Guardian Golem    Hex/Summ       0%         N/A       99%         3
 Swiftness                Air            0%         N/A       99%         3
 Summon Lightning Spire   Summ/Air       0%         N/A       100%        4
 Agony                    Necr           0%         N/A       100%        5
 Silence                  Hex/Air        0%         N/A       100%        5
 Orb of Destruction       Conj           0%         9d5       100%        7
 Spellforged Servitor     Conj/Summ      0%         N/A       100%        7
 Storm Form               Tmut/Air       0%         N/A       100%        7
 Maxwell's Capacitive Co  Air            0%         ∞         100%        8


Dungeon Overview and Level Annotations

Branches:
Dungeon (5/15)
 Temple: D:4-7

Altars:
Hepliaklqana
Yredelemnul

Annotations:
D:5 1 runed translucent door, Crazy Yiuf


Innate Abilities, Weirdness & Mutations

You have a pair of horns on your head.
You reflexively headbutt those who attack you in melee.


Message History

The ogre is severely wounded.
You barely miss the ogre.
The ogre is severely wounded.
The ogre hits you with a +0 giant club.
You sock the ogre!
You kill the ogre!
Found 5 gold pieces.
You see here a +0 giant club.
m - 5 scrolls of noise (gained 1)
Found a dagger.
You now have 1306 gold pieces (gained 5).
You now have 1325 gold pieces (gained 19).
Yredelemnul sends a servant to punish you.
There is a strange disturbance nearby!
There is a strange disturbance nearby!
Deactivating autopickup; reactivate with Ctrl-A.
You hit something but do no damage. Something hits you but does no damage.
You barely miss something. Your headbutt misses something. Something hits you!!
Something drains your vigour!
You feel yourself slow down.
You hit something but do no damage. You headbutt something. Something hits you!
Something drains your vigour!
You feel as though you will be slow longer.
You hit something. You headbutt something. Something hits you.
Something drains your vigour!
You feel as though you will be slow longer.
Something hits you but does no damage.
You hit something. Your headbutt misses something. Something hits you.
You closely miss something. Something hits you.
Something hits you but does no damage.
You hit something but do no damage. Something hits you.
* * * LOW HITPOINT WARNING * * *
Something hits you but does no damage.
You closely miss something. Your headbutt misses something. Something hits you!
* * * LOW HITPOINT WARNING * * *
Something drains your vigour!
You feel as though you will be slow longer.
You closely miss something. Something hits you.
* * * LOW HITPOINT WARNING * * *
Something hits you!
You die...

#.#.####....##....
#.#.....##.#..##.#
#.#.##..#.##..#.##
#.# ###....##....
#.# #.#.##..#.##.
#.# #..##.#..##. #.#
###....##.... #.#
#..##.#..##.# #@#
#..#.##..#.##
#{.....#.####### #
#.######.# ... #.#
..# # ...#####.#
###.# # ....#.....#
#.#.### ....#.##..#
#......
.....#..#..#.#.#.##.
#..#..# .....#.


There were no monsters in sight!

Vanquished Creatures
  A phantasmal warrior (D:4)
  A black bear (D:4)
  3 ogres
  A howler monkey (D:4)
  5 hounds
  2 jellies (D:4)
  An iguana (D:5)
  Jessica (D:3)
  2 adders
  An ufetubus (D:5)
  A worm (D:2)
  4 dart slugs
  An orc (D:4)
  14 endoplasms
  2 giant cockroaches
  3 goblins (D:1)
  5 hobgoblins
  6 jackals
  12 kobolds
  6 quokkas
  5 ball pythons
  2 bats (D:1)
  4 frilled lizards
  4 rats
87 creatures vanquished.

Vanquished Creatures (collateral kills)
  A frilled lizard (D:3)
1 creature vanquished.

Vanquished Creatures (others)
  3 fungi (D:4)
  7 toadstools (D:4)
10 creatures vanquished.

Grand Total: 98 creatures vanquished

Notes
Turn   | Place    | Note
-------+----------+-------------------------------------------
     0 | D:1      | Demigod47 the Minotaur Fighter began the quest for the Orb.
     0 | D:1      | Reached XP level 1. HP: 19/19 MP: 0/0
   174 | D:1      | Reached XP level 2. HP: 27/27 MP: 1/1
   548 | D:1      | Reached skill level 3 in Maces & Flails
  1065 | D:2      | Reached XP level 3. HP: 30/33 MP: 2/2
  2051 | D:2      | Found a faded altar of an unknown god.
  2055 | D:2      | Prayed at the altar of an unknown god.
  2055 | D:2      | Became a worshipper of Yredelemnul the Dark
  2232 | D:3      | Noticed Jessica
  2237 | D:3      | Killed Jessica
  2238 | D:3      | Reached skill level 4 in Maces & Flails
  2238 | D:3      | Reached XP level 4. HP: 40/40 MP: 3/3
  2259 | D:3      | Reached * piety under Yredelemnul
  2800 | D:3      | Identified a scroll of acquirement
  2804 | D:3      | Acquired 1076 gold pieces
  2841 | D:3      | Fell from the grace of Yredelemnul
  2909 | D:3      | Reached skill level 5 in Maces & Flails
  2909 | D:3      | Reached XP level 5. HP: 9/46 MP: 4/4
  3203 | D:4      | Noticed an ogre
  3209 | D:4      | Killed an ogre
  3218 | D:4      | Noticed an ogre
  3225 | D:4      | Killed an ogre
  3226 | D:4      | Reached skill level 6 in Maces & Flails
  3226 | D:4      | Reached skill level 1 in Dodging
  3226 | D:4      | Reached XP level 6. HP: 14/53 MP: 5/5
  3233 | D:4      | HP: 2/53 [hound (2)]
  3235 | D:4      | Reached skill level 5 in Armour
  3975 | D:4      | Found a hazy altar of Hepliaklqana.
  4103 | D:4      | Reached XP level 7. HP: 56/60 MP: 6/6
  4319 | D:4      | Reached skill level 7 in Maces & Flails
  4338 | D:4      | Noticed a phantasmal warrior
  4339 | D:4      | Killed a phantasmal warrior
  4612 | D:5      | Entered Level 5 of the Dungeon
  4693 | D:5      | Found a runed translucent door.
  4819 | D:5      | Noticed Crazy Yiuf
  5254 | D:5      | HP: 1/60 [something (5)]
  5254 | D:5      | Demolished by a shadow wraith

Illustrated notes

Levels and vault maps discovered:
D:1:      dpeg_arrival_oval, layout_basic, minmay_misc_feat_encased
D:2:      layout_basic, serial_co_window_serial, co_window_of_opportunity_a,
          co_window_corner_a, co_window_paths_a, co_window_paths_a,
          co_window_of_opportunity_a, co_window_corner_ca,
          co_window_unsneaky_path_b, co_window_broadway_b, co_window_4corner_a,
          co_window_paths_e, glass_columns_a, glass_columns_a, glass_columns_c,
          shapermc_ecumenical_altar_mp_vishouse
D:3:      layout_loops_ring, uniq_jessica
D:4:      cheibrodos_fertilizer, layout_basic, nzn_hepliaklqana_mist_gate
D:5:      layout_basic, mainiacjoe_overflow_divided_tiny, ebering_ghost_sewer_d,
          minmay_misc_feat_rugged, minmay_misc_feat_roman, nicolae_eternal_life,
          uniq_blork_the_orc, uniq_crazy_yiuf_cottage

Skill      XL: |  1  2  3  4  5  6  7 |
---------------+----------------------+-----
Armour         | 4 5 |  5.8
Maces & Flails | 3 4 5 6 7 |  7.8
Shields        | 4 |  4.7
Fighting       | 4 |  4.7
Dodging        | 1 |  1.6
Stealth        | |  0.4

Action                   |  1- 3 |  4- 6 |  7- 9 || total
-------------------------+-------+-------+-------++-------
Melee: Flail             |    65 |    82 |    66 ||   213
       Headbutt          |     8 |    15 |     7 ||    30
Invok: Renounce Religion |       |     1 |       ||     1
  Use: Scroll            |       |     7 |       ||     7
       Potion            |       |     4 |     1 ||     5
Armor: Scale mail        |    40 |    50 |    27 ||   117
Dodge: Dodged            |    28 |    42 |    26 ||    96
Block: Buckler           |    15 |    26 |    14 ||    55
